 Dungeon Crawl Stone Soup version 0.29.1-2-gbd0b4ee654 (webtiles) character file.

Game seed: 2931489663600940598

1400 H0rd4k the Insei (level 8, -3/48 (50) HPs)
             Began as an Octopode Transmuter on Oct 24, 2022.
             Was an Initiate of Gozag.
             Killed from afar by an orc wizard (9 damage)
             ... with a puff of flame
             ... on level 6 of the Dungeon.
             The game lasted 00:09:50 (8448 turns).

H0rd4k the Insei (Octopode Transmuter)              Turns: 8448, Time: 00:09:51

HP:   -3/48 (50)    AC:  1    Str:  9    XL:     8   Next: 69%
MP:   14/14         EV: 14    Int: 17    God:    Gozag
Gold: 184           SH:  0    Dex: 13    Spells: 11/15 levels left

rFire   . . .      SeeInvis .     - Unarmed
rCold   . . .      Faith    .   (no shield)
rNeg    . . .      Spirit   .   (helmet restricted)
rPois   .          Reflect  .   (no amulet)
rElec   .          Harm     .   (no ring)
rCorr   .          Rampage  .   (no ring)
Will    .....                   (no ring)
Stlth   ++........              (no ring)
HPRegen 0.16/turn               (no ring)
MPRegen 0.14/turn               (no ring)
                                (no ring)
                                (no ring)

@: gold aura, lightly drained
A: almost no armour, amphibious, 8 rings, camouflage 1, gelatinous body 1,
(nimble swimmer 1), tentacles
a: Renounce Religion, Potion Petition, Call Merchant, Bribe Branch


You were on level 6 of the Dungeon.
You worshipped Gozag.
Gozag was aware of your devotion.
You visited 2 branches of the dungeon, and saw 7 of its levels.
You also visited: Sewer.

You collected 290 gold pieces.
You paid 106 gold pieces to Gozag.

Inventory:

Jewellery
 e - a ring of protection from fire
 v - the amulet of Elemental Vulnerability {rPois rF-- rC-- AC+8}
   (You found it on level 5 of the Dungeon)

   [amulet of nothing]

   AC:        It affects your AC (+8).
   rF:        It makes you very vulnerable to fire.
   rC:        It makes you very vulnerable to cold.
   rPois:     It protects you from poison.
Wands
 n - a wand of quicksilver (17)
 s - a wand of charming (11)
 u - a wand of flame (35)
Scrolls
 b - 7 scrolls of identify {unknown}
 c - 4 scrolls of teleportation {unknown}
 d - 4 scrolls of magic mapping {unknown}
 h - a scroll of immolation {unknown}
 j - a scroll of butterflies {unknown}
 k - a scroll of torment {unknown}
 m - a scroll of fear {unknown}
 p - a scroll of enchant armour {unknown}
 q - a scroll of blinking {unknown}
Potions
 a - a potion of lignification
 f - 4 potions of heal wounds {unknown}
 g - a potion of attraction {unknown}
 i - a potion of haste {unknown}
 l - 2 potions of might {unknown}
 o - a potion of cancellation {unknown}
 r - a potion of brilliance {unknown}
 t - a potion of flight {unknown}


   Skills:
 + Level 2.3 Fighting
 + Level 4.2 Dodging
 + Level 7.6 Unarmed Combat
 * Level 4.4 Spellcasting
 * Level 4.3 Transmutations
 + Level 2.1 Poison Magic
 + Level 0.1 Evocations


You had 11 spell levels left.
You knew the following spells:

 Your Spells              Type           Power      Damage    Failure   Level
a - Beastly Appendage     Tmut           36%        N/A       2%          1
b - Spider Form           Tmut/Pois      14%        N/A       12%         3

Your spell library contained the following spells:

 Spells                   Type           Power      Damage    Failure   Level
 Wereblood                Tmut           18%        N/A       3%          2
 Ensorcelled Hibernation  Hex/Ice        6%         N/A       22%         2
 Ozocubu's Armour         Ice            3%         N/A       41%         3
 Ice Form                 Ice/Tmut       11%        N/A       52%         4
 Anguish                  Hex/Necr       1%         N/A       83%         4
 Fireball                 Conj/Fire      1%         3d3       99%         5
 Iskenderun's Battlesphe  Conj           3%         2d6       99%         5
 Metabolic Englaciation   Hex/Ice        1%         N/A       99%         5
 Conjure Ball Lightning   Conj/Air       1%         3x3d6     100%        6
 Orb of Destruction       Conj           1%         9d5       100%        7
 Simulacrum               Ice/Necr       Unusable   N/A       N/A         6

Dungeon Overview and Level Annotations

Branches:
Dungeon (6/15)             Temple (1/1) D:6           Sewer (visited)

Altars:
Ashenzari
Cheibriados
Dithmenos
Gozag
Kikubaaqudgha
Okawaru
Ru
Sif Muna
Trog
Vehumet
Wu Jian
Yredelemnul
Zin
The Shining One

Shops:
D:5 =

Annotations:
D:3 exclusion: moth of wrath, Sigmund, Terence
D:5 exclusion: downstairs


Innate Abilities, Weirdness & Mutations

You cannot wear most types of armour.
You are amphibious.
You can wear up to eight rings at the same time.
Your skin changes colour to match your surroundings (Stealth+).
Your rubbery body absorbs attacks. (AC +1, EV +1)
((You are camouflaged when in or above water. (Stealth+)))
You have tentacles for arms and can constrict up to eight enemies at once.


Message History

The orc wizard casts a spell.
The orc wizard flickers and vanishes!
Deactivating autopickup; reactivate with Ctrl-A.
Your orc wizard barely misses something.
Something hits your orc wizard. Something hits your wight.
Something hits your wight.
Something hits your wight but does no damage.
What are your orders? t - Shout!
Orders for allies: a - Attack new target. p - Attack previous target. r - Retreat! s - Stop attacking. g - Guard the area. f - Follow me.
Anything else - Cancel.
Guard this area!
Your wight hits something but does no damage.
Your wight misses something.
Things that are here:
7 gold pieces; a +0 whip
Aiming: Throw Flame
Press: ? - help, Shift-Dir - straight line The puff of flame hits something.
You hear some strange, mumbled words.
A magic dart appears from out of thin air!
The magic dart hits you.
You feel a bit more experienced.
Unknown command.
Aiming: Throw Flame
Press: ? - help, Shift-Dir - straight line The puff of flame hits something but does no damage.
You hear some strange, mumbled words.
A puff of flame appears from out of thin air!
The puff of flame hits you!
* * * LOW HITPOINT WARNING * * *
Aiming: Throw Flame
Press: ? - help, Shift-Dir - straight line You hear some strange, mumbled words.
A puff of flame appears from out of thin air!
The puff of flame hits you!
You die...
Your body crumbles into a pile of gold.

#..........# #.......
#####..........# #....##.
...............# #.##..##
...............# #..##..# $
.......?.oz...z# ##...##..
..........### ##..#..#..
...$.....$..# #..###....
#####.~~~$#### #.## #####
#~≈≈§§{@.# #.# ######
#~≈.≈$##.## #.###.....
#~≈~≈~##..#####........#
##~~~####.....#.......[# #
##_##........>..(.....# #.
####.........#.......# #.##
#.........#.......#
###...##+##.........#.......#
....o...<...........#...<...#


There were no monsters in sight!

Vanquished Creatures
  Grinder (D:4)
  Pargi (Sewer)
  2 black bears
  An ogre (D:5)
  A bullfrog (D:6)
  A necrophage (D:4)
  A scorpion (D:5)
  A wight (D:6)
  4 hounds
  2 orc priests (D:4)
  5 iguanas
  An orc wizard (D:6)
  8 gnolls (D:4)
  4 adders
  A river rat (D:4)
  5 worms
  A dart slug (D:6)
  8 orcs
  4 endoplasms
  5 giant cockroaches
  7 hobgoblins
  3 jackals (D:4)
  6 kobolds
  A quokka (D:2)
  5 ball pythons
  5 bats
  3 frilled lizards (Sewer)
  4 goblins
  7 rats
98 creatures vanquished.

Vanquished Creatures (collateral kills)
  A wight (D:6)
1 creature vanquished.

Vanquished Creatures (others)
  An orc wizard (D:6)
1 creature vanquished.

Grand Total: 100 creatures vanquished

Notes
Turn   | Place    | Note
-------+----------+-------------------------------------------
     0 | D:1      | H0rd4k the Octopode Transmuter began the quest for the Orb.
     0 | D:1      | Reached XP level 1. HP: 13/13 MP: 3/3
   474 | D:1      | You fall into a shaft and drop 1 floor!
   489 | D:2      | Reached XP level 2. HP: 15/18 MP: 5/5
  1128 | D:1      | Reached XP level 3. HP: 20/23 MP: 6/6
  2110 | D:2      | Found a faded altar of an unknown god.
  2687 | D:3      | Reached skill level 4 in Unarmed Combat
  2866 | D:3      | Noticed Sigmund
  2925 | D:3      | Reached XP level 4. HP: 12/28 MP: 5/7
  3315 | D:3      | Found a broken altar of Ashenzari.
  3538 | D:3      | Noticed Terence
  3599 | D:3      | Noticed a moth of wrath
  3602 | D:3      | Found a bloodstained altar of Trog.
  3835 | D:4      | Reached XP level 5. HP: 3/33 MP: 6/8
  3904 | D:4      | Found a glowing drain.
  3912 | Sewer    | Entered a sewer
  4148 | Sewer    | Noticed Pargi
  4340 | Sewer    | Killed Pargi
  4341 | Sewer    | Reached skill level 5 in Unarmed Combat
  4584 | D:4      | Reached XP level 6. HP: 39/39 MP: 7/9
  5412 | D:4      | Noticed Grinder
  5425 | D:4      | Killed Grinder
  5426 | D:4      | Reached skill level 6 in Unarmed Combat
  5426 | D:4      | Reached XP level 7. HP: 34/44 MP: 9/11
  5565 | D:5      | Entered Level 5 of the Dungeon
  5590 | D:5      | Learned a level 3 spell: Spider Form
  6190 | D:4      | Reached skill level 1 in Poison Magic
  6712 | D:5      | Reached skill level 7 in Unarmed Combat
  6712 | D:5      | Reached XP level 8. HP: 43/50 MP: 9/13
  7096 | D:5      | Found Jiptap's Jewellery Emporium.
  7226 | D:5      | Found a radiant altar of Vehumet.
  7326 | D:5      | Found the amulet of Elemental Vulnerability {rPois rF--
                  | rC-- AC+8}
  7780 | D:6      | Found a staircase to the Ecumenical Temple.
  7798 | Temple   | Entered the Ecumenical Temple
  7938 | Temple   | Became a worshipper of Gozag Ym Sagoz the Greedy
  8348 | D:6      | Found a snail-covered altar of Cheibriados.
  8448 | D:6      | Killed from afar by an orc wizard

Illustrated notes

Levels and vault maps discovered:
D:1:      onia_arrival_pentagram, layout_basic
D:2:      layout_basic, shapermc_ecumenical_altar_mp_vishouse,
          kennysheep_generic_room_7
D:3:      layout_loops_corners, tgw_trog, nicolae_elyvilon_peaceful_grove,
          evilmike_ruin_ashenzari, uniq_terence, uniq_sigmund
D:4:      layout_loops_ring, portal_sewer_entry_b, uniq_grinder
D:5:      layout_layer_cave, vehumet_altar_wand_db, serial_shops, shop
D:6:      layout_basic, kennysheep_slug_shrine, minmay_temple_entry_waves
Temple:   nicolae_temple_ecumenical_triangle

Skill      XL: |  1  2  3  4  5  6  7  8 |
---------------+-------------------------+-----
Unarmed Combat | 4 5 6 7 |  7.6
Dodging        | 3 4 |  4.2
Spellcasting   | 3 4 |  4.4
Fighting       | 2 |  2.3
Transmutations | 3 4 |  4.3
Poison Magic   | 1 2 |  2.1
Evocations     | |  0.1

Action                   |  1- 3 |  4- 6 |  7- 9 || total
-------------------------+-------+-------+-------++-------
Melee: Unarmed           |    97 |   103 |    96 ||   296
       Constrict         |    22 |    24 |    11 ||    57
       Tentacles         |    14 |    20 |    14 ||    48
       Punch             |     5 |     6 |     3 ||    14
       Kick              |     1 |    22 |    13 ||    36
 Cast: Beastly Appendage |     1 |    10 |     5 ||    16
       Spider Form       |       |       |     9 ||     9
Evoke: Wand              |       |       |    12 ||    12
  Use: Potion            |       |     1 |       ||     1
 Stab: Sleeping          |     8 |     2 |     3 ||    13
Armor: Skin              |     7 |    19 |     2 ||    28
Dodge: Dodged            |    52 |    58 |    52 ||   162
